 Dungeon Crawl Stone Soup version 0.30-a0-377-g5cb311bc9f (webtiles) character file.

Game seed: 17890987446535486383

337 sanka the Poker (level 6, -1/51 HPs)
             Began as a Ghoul Fire Elementalist on Nov 27, 2022.
             Slain by a phantom (3 damage)
             ... on level 5 of the Dungeon.
             The game lasted 00:07:35 (4991 turns).

sanka the Poker (Ghoul Fire Elementalist)           Turns: 4991, Time: 00:07:36

Health: -1/51      AC:  4    Str: 14    XL:     6   Next: 54%
Magic:  7/7        EV: 12    Int: 10    God:
Gold:   265        SH:  0    Dex:  9    Spells: 7/8 levels left

rFire   . . .      SeeInvis .    a - +0 trident
rCold   + . .      Faith    .    (no shield)
rNeg    + + +      Spirit   .    u - +0 robe
rPois   ∞          Reflect  .    B - +0 helmet
rElec   .          Harm     .    y - +0 cloak
rCorr   .          Rampage  .    (no gloves)
Will    .....                    (no boots)
Stlth   ++........               x - amulet of the acrobat
HPRegen 0.00/turn                (no ring)
MPRegen 0.10/turn                (no ring)

@: inhibited regen
A: claws 1, cold resistance 1, negative energy resistance 3, inhibited
regeneration, torment resistance 2, devour on kill
a: no special abilities


You were on level 5 of the Dungeon.
You visited 1 branch of the dungeon, and saw 5 of its levels.

You collected 265 gold pieces.


Innate Abilities, Weirdness & Mutations

You are immune to poison.
You have sharp fingernails.
Your flesh is cold resistant. (rC+)
You are immune to negative energy. (rN+++)
You do not regenerate when monsters are visible.
You are immune to unholy pain and torment.
You thrive by killing the living.


   Skills:
 - Level 3.0 Fighting
 * Level 5.0 Polearms
 - Level 1.7 Dodging
 - Level 2.1 Stealth
 - Level 1.7 Spellcasting
 - Level 0.7 Conjurations
 - Level 2.4 Fire Magic


You had 7 spell levels left.
You knew the following spells:

 Your Spells              Type           Power      Damage    Failure   Level
y - Foxfire               Conj/Fire      16%        2x1d4     17%         1

Your spell library contained the following spells:

 Spells                   Type           Power      Damage    Failure   Level
 Scorch                   Fire           10%        2d6       19%         2
 Static Discharge         Conj/Air       2%         2-3/arc   38%         2
 Inner Flame              Hex/Fire       3%         N/A       52%         3
 Ignite Poison            Fire/Tmut/Pois 2%         N/A       56%         3
 Kindle Blastsparks       Fire/Tloc/Air  4%         2d10      56%         3
 Vhi's Electric Charge    Tloc/Air       0%         N/A       67%         3
 Flame Wave               Conj/Fire      4%         2d5       86%         4
 Arcjolt                  Conj/Air       0%         1d10      100%        5
 Freezing Cloud           Conj/Ice/Air   0%         6-21      100%        5
 Lightning Bolt           Conj/Air       0%         1d11      100%        5

Inventory:

Hand Weapons
 a - a +0 trident (weapon)
 k - a +0 spear
Missiles
 i - 6 poisoned darts
Armour
 j - a +0 chain mail
 u - a +0 robe (worn)
 y - a +0 cloak (worn)
 B - a +0 helmet (worn)
Magical Staves
 q - a staff of conjuration {!a}
Jewellery
 p - an amulet of guardian spirit
 x - an amulet of the acrobat (around neck)
Scrolls
 c - a scroll of enchant weapon {unknown}
 d - 4 scrolls of identify {unknown}
 e - 2 scrolls of fear {unknown}
 f - 3 scrolls of teleportation {unknown}
 h - 3 scrolls of butterflies {unknown}
 m - a scroll of vulnerability {unknown}
 n - a scroll of blinking {unknown}
 r - a scroll of torment {unknown}
 s - a scroll of noise {unknown}
 t - a scroll of amnesia {unknown}
 w - a scroll of poison {unknown}
 z - a scroll of magic mapping {unknown}
Potions
 b - 2 potions of magic
 g - 2 potions of attraction {unknown}
 l - a potion of degeneration {unknown}
 o - 2 potions of lignification {unknown}
 v - 2 potions of invisibility {unknown}
 A - 2 potions of haste {unknown}
 C - a potion of might {unknown}

Dungeon Overview and Level Annotations

Branches:
Dungeon (5/15)
 Temple: D:4-7

Altars:
Ashenzari
Hepliaklqana
Xom

Annotations:
D:3 1 transporter, NoAnimeNoLife's ghost, amateur FoFi
D:4 Dowan; Duvessa

▒.▒ ▒▒▒ ... ..▒ ▒.▒ ▒.▒
▒.▒ ▒.▒ ▒.▒ ▒.▒▒▒▒▒▒.▒▒
▒ ▒......#.>▒ ▒▒.▒
▒▒▒▒▒▒▒...▒▒▒▒▒▒▒...▒.▒
▒......†..n)...!▒
▒▒.▒▒▒▒▒▒▒▒W▒▒▒▒▒ ▒.▒
.▒ ▒.▒ .▒ ▒▒ ▒.▒ .▒ .▒▒
▒.▒ .. .£▒ ▒.▒ .▒ ..▒
▒.▒▒▒▒▒▒▒..▒ ..▒
▒...†......


You could see a phantom.


Message History

The phantom hits you.
* * * LOW HITPOINT WARNING * * *
The phantom blinks!
You blink.
You completely miss the phantom.
The phantom is lightly damaged.
The phantom hits you.
* * * LOW HITPOINT WARNING * * *
You puncture the phantom!
The phantom is heavily damaged.
The phantom hits you.
* * * LOW HITPOINT WARNING * * *
The phantom blinks!
You blink.
The phantom hits you.
* * * LOW HITPOINT WARNING * * *
The phantom blinks!
You blink.
Found a smoky brown potion.
You hit the phantom.
The phantom is severely damaged.
The phantom closely misses you.
You hit the phantom but do no damage.
The phantom is severely damaged.
The phantom hits you but does no damage.
You closely miss the phantom.
The phantom is severely damaged.
You hear the brisk hiss of a very distant avalanche of sand.
The phantom hits you.
You die...

Action                   |  1- 3 |  4- 6 || total
-------------------------+-------+-------++-------
Melee: Unarmed           |    51 |       ||    51
       Spear             |    29 |    29 ||    58
       Punch             |     1 |       ||     1
       Trident           |       |   145 ||   145
 Cast: Foxfire           |    39 |    51 ||    90
 Stab: Sleeping          |     1 |     3 ||     4
Armor: Robe              |    19 |    38 ||    57
Dodge: Dodged            |    41 |   138 ||   179

Levels and vault maps discovered:
D:1:      minmay_arrival_four_circles, layout_basic,
          corexii_hall_statues_deadend
D:2:      layout_basic, minmay_octomino_j4
D:3:      layout_basic, xom_confusion_cloud, overflow_temple_1_default,
          gammafunk_ghost_smash
D:4:      layout_cave_pods, overflow_temple_1_default,
          chequers_serial_rivers_micro_c, uniq_duvessa
D:5:      layout_loops_ring, kiku_gazebo_pond_becter, temple_fountains,
          nicolae_ossuary_entry_plus

Notes
Turn   | Place    | Note
-------+----------+-------------------------------------------
     0 | D:1      | sanka the Ghoul Fire Elementalist began the quest for the
                  | Orb.
     0 | D:1      | Reached XP level 1. HP: 14/14 MP: 2/2
    98 | D:1      | Reached skill level 1 in Fighting
   174 | D:1      | Reached XP level 2. HP: 21/24 MP: 1/3
   393 | D:1      | Reached skill level 2 in Fighting
  1017 | D:1      | Reached XP level 3. HP: 27/30 MP: 0/4
  1452 | D:2      | Reached skill level 3 in Fighting
  1461 | D:2      | Reached skill level 1 in Polearms
  1815 | D:2      | Reached XP level 4. HP: 38/38 MP: 5/5
  2192 | D:2      | Reached skill level 2 in Polearms
  2714 | D:3      | Found a shimmering altar of Xom.
  3147 | D:3      | Found a broken altar of Ashenzari.
  3208 | D:3      | Found a transporter.
  3211 | D:3      | Noticed NoAnimeNoLife's ghost (amateur FoFi)
  3213 | D:3      | Noticed an ogre
  3289 | D:3      | Noticed an ice beast
  3316 | D:3      | Killed an ice beast
  3317 | D:3      | Reached skill level 3 in Polearms
  3317 | D:3      | Reached XP level 5. HP: 19/45 MP: 0/6
  3535 | D:4      | Noticed Duvessa
  3535 | D:4      | Noticed Dowan
  3773 | D:4      | Reached skill level 4 in Polearms
  4116 | D:4      | Found a hazy altar of Hepliaklqana.
  4694 | D:5      | Entered Level 5 of the Dungeon
  4705 | D:5      | Reached XP level 6. HP: 45/51 MP: 5/7
  4977 | D:5      | Reached skill level 5 in Polearms
  4988 | D:5      | HP: 2/51 [phantom (4)]
  4991 | D:5      | Slain by a phantom

Vanquished Creatures
  An ice beast (D:3)
  A scorpion (D:5)
  A hound (D:5)
  An iguana (D:4)
  4 adders
  A white imp (D:5)
  2 ufetubi
  A worm (D:3)
  5 dart slugs
  3 orcs
  3 endoplasms
  6 giant cockroaches
  5 goblins
  6 hobgoblins
  4 jackals
  3 kobolds
  5 quokkas
  3 ball pythons
  2 bats (D:2)
  2 frilled lizards
  7 rats
66 creatures vanquished.

Vanquished Creatures (others)
  An orc (D:3)
  A giant cockroach (D:3)
  A rat (D:3)
  156 foxfires
159 creatures vanquished.

Grand Total: 225 creatures vanquished
